AoeStats
← [KMNB] Bandeira

African Clearing

505303764Analyzed
2v2 RM · 25d ago on Sep 8, 2026· 60m 50s· 4 players
Game mode
Random Map
Map size
Medium (4 player)
Population
200
Speed
Normal
Resources
Standard
Victory
Conquest
Starting age
Dark Age
Ending age
Imperial Age
RankedLock teamsTeams togetherTeam positionsShared explorationLock speedFull tech treeHidden civsTurbo modeCheats
Victory
Defeat
🇧🇷 Magyars · Brazil
1601
+22
🇧🇷 Huns · Brazil
1534
+23
🇨🇦 Magyars · Canada
1742
-23
🇩🇰 Maya · Denmark
1712
-22
[KMNB] Dedão
11:59 Feudal Age
10:15 Loom
12:41 Double-Bit Axe
14:49 Forging
15:42 Scale Barding Armor
16:41 Wheelbarrow
21:28 Castle Age
19:52 Gold Mining
20:03 Horse Collar
20:31 Fletching
21:54 Bloodlines
22:24 Bodkin Arrow
28:33 Bow Saw
29:51 Padded Archer Armor
30:31 Ballistics
30:45 Town Watch
34:56 Leather Archer Armor
34:43 Husbandry
35:32 Heavy Plow
37:03 Thumb Ring
42:49 Imperial Age
41:48 Hand Cart
41:39 Light Cavalry
44:34 Chemistry
43:58 Conscription
44:08 Bracer
44:36 Parthian Tactics
45:10 Gold Shaft Mining
44:28 Stone Mining
44:24 Heavy Cavalry Archer
46:17 Town Patrol
47:39 Marauders
48:04 Chain Barding Armor
48:20 Iron Casting
48:24 Masonry
49:20 Two-Man Saw
47:52 Elite Tarkan
50:12 Plate Barding Armor
52:33 Blast Furnace
51:29 Hussar
54:56 Murder Holes
56:36 Scale Mail Armor
[KMNB] Bandeira
5:07 Loom
16:17 Feudal Age
28:46 Double-Bit Axe
30:26 Horse Collar
31:25 Wheelbarrow
34:42 Castle Age
35:18 Scale Barding Armor
35:37 Bloodlines
35:51 Bow Saw
35:44 Heavy Plow
36:11 Husbandry
37:45 Chain Barding Armor
39:50 Gold Mining
47:11 Imperial Age
47:22 Cavalier
48:47 Plate Barding Armor
50:38 Hand Cart
50:26 Light Cavalry
52:56 Hussar
55:57 Paladin
Atomicus
8:21 Loom
16:11 Feudal Age
20:23 Castle Age
18:19 Double-Bit Axe
26:52 Husbandry
28:10 Scale Barding Armor
29:32 Bloodlines
31:43 Chain Barding Armor
34:35 Bow Saw
38:06 Wheelbarrow
38:10 Corvinian Army
39:58 Town Watch
40:19 Stone Mining
43:32 Horse Collar
44:34 Hand Cart
50:00 Imperial Age
51:03 Conscription
50:23 Elite Magyar Huszar
52:40 Two-Man Saw
51:45 Heavy Plow
52:30 Plate Barding Armor
56:47 Pikeman
57:28 Scale Mail Armor
59:55 Arson
ges
11:22 Feudal Age
13:43 Loom
13:52 Fletching
18:56 Castle Age
17:37 Double-Bit Axe
23:46 Crossbowman
28:54 Bodkin Arrow
29:10 Town Watch
30:20 Gold Mining
32:32 Ballistics
32:20 Padded Archer Armor
34:10 Stone Mining
35:37 Wheelbarrow
36:55 Leather Archer Armor
37:01 Thumb Ring
40:16 Imperial Age
39:34 Eagle Warrior
40:15 Squires
40:16 Scale Mail Armor
41:00 Bracer
42:21 Chemistry
41:54 Arbalester
44:21 Ring Archer Armor
45:57 Chain Mail Armor
47:01 Elite Eagle Warrior
48:14 Plate Mail Armor
52:15 Holcans
60:38 Guard Tower
60:59 Masonry
Connection lost

Rejoining the realm…

Still unreachable

The connection could not be restored.

Session expired

The server has moved on; the page needs a fresh start.